 Dungeon Crawl Stone Soup version 0.19.1 (webtiles) character file.

1789 Ladykiller69 the Cleaver (level 9, 0/65 HPs)
             Began as a Formicid Fighter on Nov 25, 2016.
             Was a Priest of Cheibriados.
             Killed by nerve-wracking pain
             ... invoked by an orc priest
              (6 damage)
             ... on level 8 of the Dungeon.
             The game lasted 00:11:26 (4783 turns).

Ladykiller69 the Cleaver (Formicid Fighter)         Turns: 4783, Time: 00:11:27

Health: 0/65       AC:  8    Str: 27 (28) XL:     9   Next: 29%
Magic:  9/9        EV:  9    Int: 17 (18) God:    Cheibriados [***...]
Gold:   292        SH: 13    Dex: 13 (15) Spells: 0 memorised, 8 levels left

rFire  . . .     SeeInvis +     a - +0 war axe
rCold  . . .     Gourm    .     b - +0 scale mail
rNeg   + . .     Faith    .     c - +1 shield
rPois  +         Spirit   .     (helmet unavailable)
rElec  .         Reflect  .     (no cloak)
rCorr  .         Harm     .     (no gloves)
MR     .....     Clarity  +     (no boots)
Stlth  ..........               (no amulet)
                                r - +1 ring of protection
                                o - ring of positive energy

@: very slow
A: permanent stasis, dig shafts and tunnels, four strong arms, antennae 3,
clarity, clumsy 1, poison resistance
a: Dig, Shaft Self, Bend Time, Temporal Distortion, Renounce Religion


You were on level 8 of the Dungeon.
You worshipped Cheibriados.
Cheibriados was most pleased with you.
You were very hungry.

You visited 2 branches of the dungeon, and saw 10 of its levels.
You also visited: Sewer.

You collected 292 gold pieces.

Inventory:

Hand Weapons
 a - a +0 war axe (weapon)
Missiles
 i - 184 stones (quivered)
 v - 8 tomahawks
Armour
 b - a +0 scale mail (worn)
 c - a +1 shield (worn)
Jewellery
 o - a ring of positive energy (left hand)
 r - a +1 ring of protection (right hand)
 s - an uncursed ring of protection from cold {unknown}
Scrolls
 g - 2 scrolls of identify
 h - 3 scrolls of remove curse {unknown}
 k - a scroll of enchant armour
 m - a scroll of amnesia
 n - a scroll of magic mapping {unknown}
Potions
 d - a potion of might
 e - a potion of brilliance
 p - a potion of haste
Comestibles
 f - 4 bread rations
 j - 4 chunks of flesh
 l - a meat ration
 t - a beef jerky


   Skills:
 - Level 4.0 Fighting
 * Level 8.1 Axes
 + Level 7.0 Armour
 + Level 7.7 Shields


You had 8 spell levels left.
You didn't know any spells.

Dungeon Overview and Level Annotations

Branches:
Dungeon (9/15)             Temple (1/1) D:5
   Lair: D:8-11         Orc: D:9-12

Altars:
Cheibriados
Fedhas
Gozag
Hepliaklqana
Kikubaaqudgha
Makhleb
Nemelex Xobeh
Qazlal
Trog
Vehumet
Zin

Annotations:
D:4 Grinder
D:7 Pikel


Innate Abilities, Weirdness & Mutations

You are under a permanent stasis effect.
You can dig through walls and to a lower floor.
Your four strong arms can wield two-handed weapons with a shield.
You have a pair of large antennae on your head. (SInv)
You possess an exceptional clarity of mind.
You are clumsy. (Dex -2)
Your system is resistant to poisons. (rPois)


Message History

The orc priest is heavily wounded.
The orc priest hits you but does no damage.
You closely miss the orc priest.
The orc priest is heavily wounded.
You block the orc priest's attack.
You barely miss the orc priest.
The orc priest is moderately wounded.
The orc priest hits you with a flail.
* * * LOW HITPOINT WARNING * * *
You closely miss the orc priest.
The orc priest is moderately wounded.
The orc priest hits you with a flail.
* * * LOW HITPOINT WARNING * * *
You slash the orc priest!
The orc priest is almost dead.
You closely miss the orc priest.
The orc priest is almost dead.
The orc priest calls down the wrath of Beogh upon you.
Pain shoots through your body!
You die...

.≈..P.......#
##........#.#
....(##oo...# . ...#
##....########## ....#
###..#.......#....
#..##...##............
#..o{####............
#####o# #............
#@## #............ ###
#............
#............
##...........
##>....#....
###########


You could see an orc priest.

Vanquished Creatures
  Sigmund (D:4)
  The ghost of Ladykiller69 the Shield-Bearer, an amateur FoFi (D:3)
  2 sky beasts (D:6)
  Purgy (Sewer)
  An orc warrior (D:8)
  3 ogres
  Blork the orc (D:4)
  A bullfrog (D:8)
  A hound (D:8)
  A jelly (D:5)
  5 orc priests
  An iguana (D:4)
  5 orc wizards
  A bullfrog skeleton (D:3)
  Ijyb (D:2)
  4 worker ants
  A killer bee zombie (D:5)
  A mummy (D:8)
  9 adders
  2 shadow imps
  2 worms
  3 dart slugs
  4 leopard geckos
  15 orcs
  14 bats
  6 giant cockroaches
  7 goblins
  8 hobgoblins
  14 jackals
  2 kobolds (D:1)
  2 quokkas
  3 ball pythons
  3 frilled lizards
  A quokka zombie (D:8)
  7 rats
134 creatures vanquished.

Vanquished Creatures (others)
  A quokka (D:7)
1 creature vanquished.

Grand Total: 135 creatures vanquished

Notes
Turn   | Place    | Note
-------+----------+-------------------------------------------
     0 | D:1      | Ladykiller69 the Formicid Fighter began the quest for the Orb.
     0 | D:1      | Reached XP level 1. HP: 18/18 MP: 1/1
    55 | D:1      | Reached XP level 2. HP: 15/24 MP: 2/2
    97 | D:1      | Reached XP level 3. HP: 11/29 MP: 3/3
   874 | D:2      | Noticed Ijyb
   882 | D:2      | Killed Ijyb
   882 | D:2      | Reached XP level 4. HP: 33/37 MP: 4/4
  1049 | D:2      | Reached skill level 3 in Axes
  1544 | D:3      | Noticed Ladykiller69's ghost (amateur FoFi)
  1593 | D:3      | Reached XP level 5. HP: 15/42 MP: 5/5
  1811 | D:3      | You fall through a shaft for 3 floors!
  1819 | D:5      | Entered Level 5 of the Dungeon
  1829 | D:5      | Found a burning altar of Makhleb.
  1836 | D:5      | Found an ancient bone altar of Kikubaaqudgha.
  1864 | D:5      | Found a staircase to the Ecumenical Temple.
  1876 | D:5      | Found a glowing silver altar of Zin.
  1881 | Temple   | Entered the Ecumenical Temple
  1909 | Temple   | Became a worshipper of Cheibriados the Contemplative
  1982 | D:5      | Found a glowing drain.
  1999 | D:5      | Reached skill level 4 in Axes
  1999 | D:5      | Reached XP level 6. HP: 30/48 MP: 6/6
  2028 | Sewer    | Entered a sewer
  2216 | Sewer    | Noticed Purgy
  2225 | Sewer    | Killed Purgy
  2225 | Sewer    | Reached skill level 5 in Shields
  2358 | D:5      | Found a sand-covered staircase.
  2394 | D:5      | You fall through a shaft!
  2398 | D:6      | Noticed an ogre
  2399 | D:6      | Noticed a sky beast
  2406 | D:6      | Killed an ogre
  2406 | D:6      | Reached XP level 7. HP: 44/54 MP: 7/7
  2413 | D:6      | Reached skill level 5 in Axes
  2413 | D:6      | Reached skill level 5 in Armour
  2675 | D:5      | Reached * piety under Cheibriados
  2849 | D:5      | Reached skill level 6 in Axes
  2849 | D:5      | Reached XP level 8. HP: 48/60 MP: 8/8
  3086 | D:4      | Noticed Sigmund
  3095 | D:4      | You fall through a shaft for 2 floors!
  3547 | D:4      | Killed Sigmund
  3627 | D:4      | Reached skill level 7 in Axes
  3678 | D:3      | Reached ** piety under Cheibriados
  3832 | D:3      | Killed Ladykiller69's ghost
  3955 | D:3      | Reached XP level 9. HP: 55/65 MP: 9/9
  3985 | D:3      | Found a radiant altar of Vehumet.
  4148 | D:3      | Reached *** piety under Cheibriados
  4319 | D:4      | Noticed Blork the orc
  4323 | D:4      | Noticed Grinder
  4332 | D:4      | Killed Blork the orc
  4348 | D:4      | Gained mutation: You possess an exceptional clarity of mind. [potion of mutation]
  4348 | D:4      | Gained mutation: Your system is resistant to poisons. (rPois) [potion of mutation]
  4348 | D:4      | Gained mutation: You are clumsy. (Dex -2) [potion of mutation]
  4353 | D:4      | You fall through a shaft for 3 floors!
  4603 | D:7      | Noticed Pikel
  4604 | D:7      | You fall through a shaft for 2 floors!
  4773 | D:8      | Reached skill level 8 in Axes
  4783 | D:8      | Killed from afar by an orc priest

Skill      XL: |  1  2  3  4  5  6  7  8  9 |
---------------+----------------------------+-----
Shields        | 4 5 6 7 |  7.7
Fighting       | 4 |  4.0
Axes           | 3 4 6 7 8 |  8.1
Armour         | 4 5 6 7 |  7.0

Action                   |  1- 3 |  4- 6 |  7- 9 || total
-------------------------+-------+-------+-------++-------
Melee: War axe           |    60 |   123 |   298 ||   481
Throw: Stone             |       |     3 |     2 ||     5
 Abil: Dig               |       |     1 |     4 ||     5
       Shaft Self        |       |       |     3 ||     3
  Use: Scroll            |       |     8 |       ||     8
       Potion            |       |     3 |     4 ||     7
  Eat: Chunk             |       |     5 |     5 ||    10
Armor: Scale mail        |    32 |    72 |    85 ||   189
       Skin              |       |     7 |       ||     7
Dodge: Dodged            |    26 |    53 |    70 ||   149
Block: Shield            |    39 |   118 |   170 ||   327
